 Dungeon Crawl Stone Soup version 0.27-a0-1434-g6f15984924 (webtiles) character file.

Game seed: 13163934078278353685

6419 octoduck the Destroyer (level 10, -2/81 HPs)
             Began as a Grey Draconian Conjurer on July 3, 2021.
             Was a Priest of Vehumet.
             Killed by divine providence
             ... invoked by an orc priest
              (14 damage)
             ... on level 10 of the Dungeon.
             The game lasted 00:54:10 (14656 turns).

octoduck the Destroyer (Grey Draconian Conjurer)   Turns: 14656, Time: 00:54:11

Health: -2/81      AC: 16    Str:  9    XL:     10   Next: 66%
Magic:  7/13       EV: 13    Int: 27    God:    Vehumet [***...]
Gold:   404        SH:  0    Dex: 11    Spells: 1/13 levels left

rFire    . . .     SeeInvis .   g - +1 hand axe (flame)
rCold    . . .     Faith    +   (no shield)
rNeg     . . .     Spirit   .   (armour unavailable)
rPois    .         Reflect  .   v - +2 hat
rElec    .         Harm     .   (no cloak)
rCorr    +         Rampage  .   o - +1 pair of gloves
Will     .....                  (no boots)
Stlth    ++........             h - amulet of faith
HPRegen  0.23/turn              a - +6 ring of intelligence
MPRegen  0.13/turn              n - ring of resist corrosion

@: no status effects
A: AC +12, amphibious, unfitting armour, cold-blooded
a: Renounce Religion


You were on level 10 of the Dungeon.
You worshipped Vehumet.
Vehumet was most pleased with you.
You visited 2 branches of the dungeon, and saw 13 of its levels.

You collected 404 gold pieces.

Inventory:

Hand Weapons
 c - a +0 dagger of venom
 g - a +1 hand axe of flaming (weapon)
Missiles
 l - 33 poisoned darts
 w - 8 boomerangs
Armour
 o - a +1 pair of gloves (worn)
 v - a +2 hat (worn)
Jewellery
 a - a +6 ring of intelligence (left hand)
 h - an amulet of faith (around neck)
 n - a ring of resist corrosion (right hand)
 s - a +6 ring of strength
 u - a ring of fire
Wands
 i - a wand of iceblast (8)
 r - a wand of flame (21)
 C - a wand of digging (7)
 E - a wand of paralysis (5)
Scrolls
 k - 2 scrolls of immolation
 m - a scroll of holy word
 t - 4 scrolls of amnesia
 x - a scroll of noise
 y - a scroll of enchant armour
Potions
 b - a potion of ambrosia
 d - 5 potions of curing
 e - a potion of attraction {unknown}
 f - 3 potions of mutation {unknown}
 j - 2 potions of flight
 p - a potion of magic {unknown}
 q - 3 potions of brilliance
 z - a potion of haste {unknown}
 B - a potion of cancellation {unknown}
 D - a potion of resistance


   Skills:
 + Level 5.1 Fighting
 + Level 4.7 Dodging
 - Level 1.7 Stealth
 - Level 2.0 Spellcasting
 - Level 11.7 Conjurations
 - Level 6.1 Hexes
 - Level 3.0 Air Magic
 - Level 5.3 Poison Magic


You had one spell level left.
You knew the following spells:

 Your Spells              Type           Power      Damage    Failure   Level
a - Magic Dart            Conj           100%       1d8       1%          1
b - Searing Ray           Conj           100%       3d7       1%          2
c - Static Discharge      Conj/Air       42%        N/A       1%          2
d - Mephitic Cloud        Conj/Pois/Air  38%        N/A       1%          3
e - Fulminant Prism       Conj/Hex       25%        3d14      1%          4

Your spell library contained the following spells:

 Spells                   Type           Power      Damage    Failure   Level
 Inner Flame              Hex/Fire       19%        N/A       2%          3
 Freeze                   Ice            8%         1d3       2%          1
 Poisonous Vapours        Pois/Air       50%        N/A       1%          2
 Conjure Flame            Conj/Fire      34%        6-21      1%          3
 Dazzling Flash           Conj/Hex       100%       N/A       1%          3
 Hailstorm                Conj/Ice       34%        3d9       2%          4
 Iskenderun's Mystic Bla  Conj/Tloc      34%        2d8       2%          4
 Sticky Flame             Conj/Fire      34%        2d5       2%          4
 Lightning Bolt           Conj/Air       21%        1d36      3%          5
 Frozen Ramparts          Ice            4%         1d2       8%          3
 Freezing Cloud           Conj/Ice/Air   14%        6-21      10%         5
 Bolt of Magma            Conj/Fire/Erth 11%        4d7       16%         5
 Orb of Destruction       Conj           30%        9d11      17%         7
 Gell's Gravitas          Tloc           1%         N/A       28%         3
 Teleport Other           Tloc           2%         N/A       28%         3
 Summon Lightning Spire   Summ/Air       10%        N/A       45%         4
 Lee's Rapid Deconstruct  Erth           1%         3d5*      54%         5
 Dispel Undead            Necr           2%         3d7       67%         4
 Dispersal                Tloc           1%         N/A       100%        6
 Malign Gateway           Summ/Tloc      1%         N/A       100%        7
 Borgnjor's Revivificati  Necr           1%         N/A       100%        8
 Necromutation            Tmut/Necr      1%         N/A       100%        8
 Summon Horrible Things   Summ           1%         N/A       100%        8
 Death's Door             Necr           1%         N/A       100%        9


Dungeon Overview and Level Annotations

Branches:
Dungeon (12/15)            Temple (1/1) D:4            Lair (0/6) D:10
    Orc (0/2) D:10

Altars:
Dithmenos
Hepliaklqana
Kikubaaqudgha
Sif Muna
Trog
Vehumet
Xom
Yredelemnul
Zin
The Shining One

Shops:
D:3 :   D:4 (

Portals:
Trove: D:10 (give +2 shadow dragon scales)

Annotations:
D:5 3 runed translucent doors, indyram44's ghost, amateur GrIE; vexzain's ghost, amateur MiFi


Innate Abilities, Weirdness & Mutations

Your dull iron-grey scales are very hard. (AC +12)
You are amphibious.
You cannot fit into any form of body armour.
You are cold-blooded and may be slowed by cold attacks.


Message History

Aiming: Mephitic Cloud (safe; 1% risk of failure)
Press: ? - help, Shift-Dir - straight line, f - howler monkey
Aim: a howler monkey (chance to affect: 86%)
The ball explodes into a vile cloud!
The stinking cloud engulfs the howler monkey but does no damage.
You hear a shout! x5
The howler monkey is engulfed in noxious fumes.
The howler monkey appears confused.
The howler monkey is engulfed in noxious fumes.
Found an escape hatch in the floor.
There is an escape hatch in the floor here.
An orc wizard comes into view. It is wielding a +0 dagger of venom.
The orc wizard moves out of view.
You open the door.
There is an open door here.
A howler monkey opens the door.
A vampire mosquito comes into view.
You close the door.
The vampire mosquito buzzes angrily.
You hear an angry buzzing noise. x2
You hear a shout!
A vampire mosquito comes into view. x2
The vampire mosquito buzzes angrily.
You open the door.
You hear a shout!
A vampire mosquito comes into view.
The howler monkey hoots and howls with incredible vigour!
You hear a shout!
You hear a bellow!
There is an open door here.
An orc priest comes into view. It is wielding a +0 war axe.
You close the door.
The orc priest invokes the aid of Beogh against you.
Beogh smites you!
* * * LOW HITPOINT WARNING * * *
A howler monkey opens the door.
You close the door.
A howler monkey opens the door.
As you read the scroll of magic mapping, it crumbles to dust.
You feel aware of your surroundings.
You sensed 1 altar.
The orc priest mumbles some strange prayers to Beogh against you.
Beogh smites you!
You die...

***,,*≈,,,>,,,≈#.............#
,,,,,*,,,,,,P..#.............#
,,,,,,,**,,,##...............#
,,,,,,,,*,,,#............?...#
****,,*,,,≈,..#.o.........∩..#
,,,,,,,**#####...#####.......#
,,,,,,,,,........#...#.......#
,,,,,*****#......#...#.......####
,,,,,* #.....@#...#...........
,,,,,* #.....yyh..#..y........
,,,,,* #......#...'..#######..
,,,,,* #.....>#...#..+,,,,,#..
,,,,,* #......#...#..#,,,,,#..
,,,,,* ##.....###.#..#,,,,,#..
,,,,,**** #.......#.#..#,,,,,#O.
,,,,,,,,***#.......###..+,,,,,#..
,,,,,,,,,...............#######..


You could see 2 vampire mosquitoes, a howler monkey and an orc priest.

Vanquished Creatures
  Erica (D:11)
  Pikel (D:5)
  A cyclops (D:11)
  3 trolls
  Grinder (D:6)
  3 yaks (D:8)
  A steam dragon (D:7)
  Menkaure (D:5)
  Edmund (D:6)
  Duvessa (D:5)
  3 water moccasins
  2 black bears
  2 orc warriors
  2 sky beasts
  2 ogres (D:5)
  2 centaurs
  2 lemures (D:5)
  2 phantoms
  A kobold brigand (D:8)
  6 bullfrogs
  2 scorpions
  A wyvern zombie (D:8)
  A water moccasin zombie (D:5)
  Dowan (D:5)
  3 killer bees (D:8)
  3 howler monkeys
  A bullfrog zombie (D:6)
  3 centaur zombies
  3 jellies
  3 orc priests
  A gnoll shaman (D:9)
  4 hounds
  2 iguanas
  2 centaur skeletons
  2 bullfrog skeletons
  Natasha (thrice) (D:4)
  6 orc wizards
  A killer bee zombie (D:9)
  4 adders
  7 gnolls
  A white imp (D:7)
  An ufetubus (D:5)
  4 dart slugs
  25 orcs
  5 bats
  6 endoplasms
  7 goblins
  9 hobgoblins
  8 jackals
  2 quokkas
  7 ball pythons
  12 kobolds
  7 rats
185 creatures vanquished.

Vanquished Creatures (others)
  22 fulminant prisms
  12 plants (D:10)
34 creatures vanquished.

Grand Total: 219 creatures vanquished

Notes
Turn   | Place    | Note
-------+----------+-------------------------------------------
     0 | D:1      | octoduck the Draconian Conjurer began the quest for the
                  | Orb.
     0 | D:1      | Reached XP level 1. HP: 14/14 MP: 3/3
   338 | D:1      | Reached XP level 2. HP: 8/20 MP: 0/5
   568 | D:1      | Learned a level 2 spell: Searing Ray
  1696 | D:1      | Identified a scroll of acquirement
  1696 | D:1      | Acquired the Almanac of Arcane Weapons and Flight
  1841 | D:2      | Reached skill level 5 in Conjurations
  1899 | D:2      | Reached XP level 3. HP: 26/26 MP: 4/6
  2858 | D:3      | Found a faded altar of an unknown god.
  2890 | D:3      | Found Waukapinn's Book Shop.
  3041 | D:3      | Reached XP level 4. HP: 33/33 MP: 3/7
  3622 | D:3      | Learned a level 2 spell: Static Discharge
  3625 | D:4      | Found a staircase to the Ecumenical Temple.
  3771 | Temple   | Entered the Ecumenical Temple
  3791 | Temple   | Became a worshipper of Vehumet
  3833 | D:4      | Reached skill level 6 in Conjurations
  3906 | D:4      | Found Plog's Antique Weapon Emporium.
  3928 | D:4      | Noticed a phantom
  4263 | D:4      | Reached skill level 1 in Air Magic
  4415 | D:4      | Reached XP level 5. HP: 38/38 MP: 5/8
  4493 | D:4      | Noticed Natasha
  4556 | D:4      | Killed a phantom
  4622 | D:4      | Killed Natasha
  4818 | D:4      | Noticed Natasha
  4820 | D:4      | Killed Natasha
  4821 | D:4      | Reached XP level 6. HP: 37/45 MP: 6/9
  4874 | D:4      | Noticed Natasha
  4878 | D:4      | Killed Natasha
  4977 | D:4      | Learned a level 3 spell: Mephitic Cloud
  4978 | D:5      | Entered Level 5 of the Dungeon
  4990 | D:5      | Noticed Pikel
  5005 | D:5      | Reached skill level 7 in Conjurations
  5281 | D:5      | Noticed Menkaure
  5304 | D:5      | Killed Menkaure
  5305 | D:5      | Your scales start taking on a dull iron-grey colour.
  5305 | D:5      | Reached XP level 7. HP: 37/50 MP: 5/10
  5416 | D:5      | Reached * piety under Vehumet
  5416 | D:5      | Offered knowledge of Sandblast by Vehumet.
  5770 | D:5      | Reached skill level 1 in Poison Magic
  6041 | D:5      | Reached skill level 8 in Conjurations
  6732 | D:5      | Killed Pikel
  6733 | D:5      | Reached skill level 9 in Conjurations
  6733 | D:5      | Reached XP level 8. HP: 45/57 MP: 1/11
  6841 | D:5      | Found a runed translucent gate.
  6842 | D:5      | Found a runed translucent gate.
  6845 | D:5      | Found a runed translucent gate.
  6852 | D:5      | Noticed vexzain's ghost (amateur MiFi)
  6852 | D:5      | Noticed indyram44's ghost (amateur GrIE)
  6852 | D:5      | Noticed Duvessa
  6864 | D:5      | Found a shimmering blue altar of Sif Muna.
  6964 | D:5      | Noticed Dowan
  6981 | D:5      | Reached skill level 5 in Poison Magic
  7461 | D:5      | Killed Dowan
  8073 | D:6      | Reached skill level 10 in Conjurations
  8080 | D:6      | Noticed Grinder
  8094 | D:6      | Paralysed by Grinder for 4 turns
  8099 | D:6      | Killed Grinder
  8100 | D:6      | Reached XP level 9. HP: 45/62 MP: 3/12
  8262 | D:5      | Killed Duvessa
  8475 | D:6      | Learned a level 4 spell: Fulminant Prism
  8502 | D:6      | Noticed Edmund
  8528 | D:6      | Killed Edmund
  8529 | D:6      | Reached skill level 1 in Hexes
  9099 | D:6      | Reached skill level 11 in Conjurations
  9606 | D:7      | Found a shadowy altar of Dithmenos.
  9613 | D:7      | Offered knowledge of Shock by Vehumet.
  9619 | D:7      | Reached ** piety under Vehumet
 11269 | D:8      | Offered knowledge of Inner Flame by Vehumet.
 11279 | D:8      | Reached skill level 5 in Hexes
 12141 | D:8      | Reached XP level 10. HP: 69/69 MP: 7/13
 12557 | D:8      | Reached *** piety under Vehumet
 12598 | D:8      | Found a basalt altar of Yredelemnul.
 12673 | D:8      | Upgraded the game from 0.27-a0-1431-gcffa5a9b16 to
                  | 0.27-a0-1434-g6f15984924
 12830 | D:9      | Reached skill level 1 in Fighting
 13049 | D:9      | Found an ancient bone altar of Kikubaaqudgha.
 13804 | D:9      | You fall into a shaft and drop 3 floors!
 13810 | D:12     | Noticed a deep elf pyromancer
 14060 | D:11     | Noticed a two-headed ogre
 14240 | D:11     | Noticed Erica
 14258 | D:11     | Killed Erica
 14351 | D:11     | Noticed a cyclops
 14368 | D:11     | Killed a cyclops
 14467 | D:11     | Reached skill level 5 in Fighting
 14538 | D:11     | Noticed a gargoyle
 14588 | D:10     | Entered Level 10 of the Dungeon
 14588 | D:10     | Found a portal to a secret trove of treasure.
 14656 | D:10     | Killed from afar by an orc priest

Illustrated notes

Levels and vault maps discovered:
D:1:      lemuel_arrival_tunnels, layout_basic
D:2:      layout_rooms
D:3:      layout_basic, serial_shops, nicolae_shop_trees,
          hellmonk_ecumenical_altar_blasted
D:4:      layout_cave_pools, minmay_temple_entry_wispy, serial_shops,
          nicolae_diamond_shop, serial_glass, glass_columns_b, glass_columns_c,
          uniq_natasha
D:5:      layout_basic, nicolae_overflow_hidden_temple, lemuel_tele_altar,
          gammafunk_ghost_cemetery, minmay_misc_feat_roman,
          kennysheep_generic_room_5, uniq_duvessa, uniq_pikel, uniq_menkaure
D:6:      layout_basic, kennysheep_small_square, uniq_grinder, uniq_edmund
D:7:      layout_basic, nicolae_dithmenos_the_darkroom, grunt_ministairs_5
D:8:      layout_loops_ring, marbit_many_paths
D:9:      minmay_clustersquares, layout_loops_ring, kennysheep_mini_moat,
          chei_slow_surprise
D:10:     layout_irregular_city, nicolae_uskayaw_murder_on_the_dancefloor,
          dpeg_oklobed_lair, enter_trove_1,
          hellmonk_guarded_unrand_gyre_and_gimble
D:11:     layout_cross, uniq_erica
D:12:     minmay_the_grid_four_pointed_star
          [minmay_the_grid_triangle_9x9_intruding_spiral,
          minmay_the_grid_triangle_9x9_sprig,
          minmay_the_grid_triangle_9x9_swiss_cheese,
          minmay_the_grid_triangle_9x9_warning,
          minmay_the_grid_prize_trominoes], layout_gridville, uniq_kirke
Temple:   regret_index_temple_waves

Skill      XL: |  1  2  3  4  5  6  7  8  9 10 |
---------------+-------------------------------+-----
Conjurations   | 5 6 7 9 10 11 | 11.7
Air Magic      | 1 2 3 |  3.0
Poison Magic   | 4 5 |  5.3
Hexes          | 5 6 |  6.1
Fighting       | 5 |  5.1
Dodging        | 4 |  4.7
Stealth        | |  1.7
Spellcasting   | |  2.0

Action                   |  1- 3 |  4- 6 |  7- 9 | 10-12 || total
-------------------------+-------+-------+-------+-------++-------
Melee: Club              |     6 |       |       |       ||     6
       Unarmed           |     2 |       |       |       ||     2
       Tailslap          |     1 |     1 |     3 |     3 ||     8
       Hand axe          |       |     2 |    71 |    32 ||   105
 Cast: Magic Dart        |    72 |    53 |   155 |    17 ||   297
       Searing Ray       |     2 |     8 |    32 |     5 ||    47
       Mephitic Cloud    |       |       |    18 |    12 ||    30
       Fulminant Prism   |       |       |     5 |    17 ||    22
       Static Discharge  |       |       |     4 |    13 ||    17
Evoke: Wand              |       |       |       |     3 ||     3
  Use: Scroll            |     6 |     1 |     9 |     6 ||    22
       Potion            |       |       |     1 |       ||     1
Armor: Skin              |     6 |     3 |    87 |    60 ||   156
Dodge: Dodged            |    11 |    12 |   115 |    81 ||   219

Table legend: (Time is in decaauts)
 A = Elapsed time spent in this place.
 B = Non-inter-level travel time spent in this place.
 C = Inter-level travel time spent in this place.
 D = Time resting spent in this place.
 E = Time spent auto-exploring this place.
 F = Levels seen in this place.
 G = Mean time per level.
                   A        B        C        D        E       F      G
               +--------+--------+--------+--------+--------+-----+--------+
         Total |  14702 |  13086 |   1616 |   5230 |   5235 |  13 | 1130.9 |
       Dungeon |  14657 |  13059 |   1598 |   5230 |   5222 |  12 | 1221.4 |
        Temple |     44 |     26 |     18 |      0 |     13 |   1 |   44.0 |
               +--------+--------+--------+--------+--------+-----+--------+

Top non-repeatable levels by time:
     D:5: 2921 daAuts
     D:7: 1869 daAuts
     D:1: 1836 daAuts
     D:8: 1746 daAuts
     D:6: 1461 daAuts
     D:4: 1438 daAuts
     D:2: 957 daAuts
     D:3: 920 daAuts
    D:11: 776 daAuts
     D:9: 653 daAuts
    D:10: 67 daAuts
  Temple: 44 daAuts
    D:12: 8 daAuts
